elenmirie, chaotic female elven Wizard -------- --------- |......| #-.......| ---- ----- ----------- |.......#######|....^..-#########|{.| |....#####|.........| |......| #|.......| %..)| |...| #|...%.....| |......| #--------- |..| -|-.- #-.........| -------- # ---- # ##|.........| # # # |.........| # # # -------|--- ### # # ### # # # # ### # ---------- # # # ####-........| # # #------ # ## |........| # ### #.....| -.--- ###.........| -.--- ##`##############@:##|.....#####....| ## # ---------- |<... -----.-##########`#######+....| # |.>.-##### |...| |.....|## ------ ....|### |...- |......## |...+ ----- ------- ----- elenmirie the Thaumaturge Experience level: 6 Strength: 11 Dexterity: 12 Constitution: 14 Intelligence: 19 Wisdom: 13 Charisma: 11 Health: 0(40) Energy: 72(72) Def: 1 Gold: 4165 Moves: 5298 Dungeon seed: Mhn_gsmhjTxFfzM6 Game ID: elenmirie_1465818888 Your Inventory: Coins $ - 4165 gold pieces Amulets E - an uncursed amulet of ESP (being worn) Weapons a - a blessed +1 quarterstaff (weapon in hands) o - an uncursed +0 trident Armor q - an uncursed +0 robe w - an uncursed +0 cloak of magic resistance (being worn) Comestibles A - 2 uncursed tripe rations Scrolls h - an uncursed scroll of light i - a blessed scroll of gold detection j - an uncursed scroll of magic mapping n - an uncursed scroll of enchant weapon t - a blessed scroll of fire u - an uncursed scroll of remove curse B - a cursed scroll of light G - an uncursed scroll of destroy armor U - an uncursed scroll of charging V - an uncursed scroll of teleportation Spellbooks k - a blessed spellbook of force bolt l - an uncursed spellbook of sleep F - an uncursed spellbook of create monster H - an uncursed spellbook of light S - an uncursed spellbook of detect unseen Potions f - an uncursed potion of healing g - 3 uncursed potions of water C - an uncursed potion of extra healing I - an uncursed potion of enlightenment Q - a cursed potion of confusion W - an uncursed potion of object detection Z - an uncursed potion of monster detection Rings c - an uncursed ring of teleportation d - an uncursed ring of sustain ability p - an uncursed ring of searching r - an uncursed ring of teleport control Wands b - an uncursed wand of polymorph (0:7) D - an uncursed wand of locking (0:2) Tools e - an uncursed skeleton key m - an uncursed bugle X - an uncursed leash Spells and supernatural/magical abilities: Name Level Category Fail Memory a - force bolt 1 attack 0% 74% l - light 1 divination 0% 87% z - sleep 1 enchantment 0% 74% O - create monster 2 clerical 37% 84% U - detect unseen 3 divination 71% 96% W - pray for help -- divine ? -- Your skills at the end: Fighting Skills wands [Basic] Weapon Skills quarterstaff [Skilled] Spellcasting Skills attack spells [Basic] enchantment spells [Basic] Final Attributes: You were piously aligned. You were fire resistant. You were sleep resistant. You were magic-protected. You saw invisible. You were telepathic. You had infravision. You could teleport. You are dead. Vanquished creatures: a wolf 3 leprechauns an orc mummy a brown pudding an orc shaman 2 rock piercers a rock mole a yellow light 2 gnome lords a gray ooze a ghoul a straw golem 6 floating eyes a kitten a dwarf 20 hill orcs 2 rothes a centipede 3 giant bats 2 monkeys a wererat 5 iguanas 3 acid blobs 3 coyotes a hobbit a large kobold a hobgoblin 4 giant rats 4 yellow molds a red mold 3 gnome zombies 7 geckos 7 jackals a fox a kobold 2 goblins 5 sewer rats 9 grid bugs 6 lichens 2 kobold zombies 8 newts 127 creatures vanquished. Voluntary challenges: You had been an atheist until turn 2922. You used a wielded weapon 111 times, starting on turn 10. You read items or engraved 15 times, starting on turn 1772. You never genocided any monsters. You never polymorphed an object. You never changed form. You used no wishes. You never split a pudding. You wrote Elbereth's name 1 time, starting on turn 1773. You never violated your personal moral code. Dungeon overview: The Dungeons of Doom: levels 1 to 8 Level 1 a fountain a long staircase Level 2 an altar to Ptah, a sink Level 3 a fountain Level 4 a long staircase Level 5 a fountain Level 6 a potion shop Level 7 a fountain Level 8 <- You were here a fountain History has recorded: On T:1 you entered the Dungeons of Doom to retrieve the Amulet of Yendor! On T:414 you reached level 2 of The Dungeons of Doom. On T:503 you advanced to experience level 2. On T:578 you reached level 3 of The Dungeons of Doom. On T:984 you advanced to experience level 3. On T:1101 you reached level 4 of The Dungeons of Doom. On T:2047 you reached level 5 of The Dungeons of Doom. On T:2354 you reached level 6 of The Dungeons of Doom. On T:2375 you advanced to experience level 4. On T:2753 you reached level 7 of The Dungeons of Doom. On T:2904 you advanced to experience level 5. On T:4106 you advanced to experience level 6. On T:4832 you reached level 8 of The Dungeons of Doom. Score breakdown: Gold: 4165 (12313 points) Experience: 6 levels (12456 points) Exploration: 8 levels ( 15.69%) (11224 points) Discoveries: 3 items ( 1.07%) ( 3099 points) Valuables value: (no points given unless you survive) Artifact value: 0 ( 0 points) Variety of kills: 41 monsters ( 10.70%) ( 9815 points) Turncount: 5298 turns (-1440 points) Survival: died (score multiplied by 80%) Total score: 37973 Latest messages: Coco bites the wolf. The wolf misses Coco. Coco bites the wolf. The wolf misses Coco. Coco misses the wolf. (2x) The wolf bites Coco. Coco misses the wolf. (2x) The wolf misses Coco. Coco misses the wolf. The wolf bites Coco. Coco bites the wolf. (2x) The wolf is killed! You finish searching. You stop searching. The crocodile bites! The crocodile hits! The crocodile bites! The crocodile hits! You hit the crocodile! The crocodile bites! The crocodile hits! You die... Final status: Goodbye elenmirie the Wizard, killed by a crocodile... You died in The Dungeons of Doom on dungeon level 8 with 37973 points, and 4165 pieces of gold, after 5298 moves. You were level 6 with a maximum of 40 hit points when you died.